 Dungeon Crawl Stone Soup version 0.26.0-18-gc5c842f807 (webtiles) character file.

Game seed: 1788663242097208577

221 iamoutofideas the Chiller (level 5, 0/35 HPs)
             Began as a Demonspawn Ice Elementalist on Jan 22, 2021.
             Slain by a scorpion (4 damage)
             ... on level 5 of the Dungeon.
             The game lasted 00:03:05 (3002 turns).

iamoutofideas the Chiller (DsIE)                    Turns: 3002, Time: 00:03:06

Health: 0/35       AC:  5    Str:  9    XL:     5   Next: 65%
Magic:  5/11       EV: 12    Int: 17    God:
Gold:   155        SH:  0    Dex: 13    Spells: 1/12 levels left

rFire    . . .     SeeInvis .   (no weapon)
rCold    . . .     Faith    .   (no shield)
rNeg     . . .     Spirit   .   a - +1 robe
rPois    .         Reflect  .   j - +1 helmet
rElec    .         Harm     .   (no cloak)
rCorr    .         Rampage  .   (no gloves)
Will     .....                  (no boots)
Stlth    ++........             n - amulet of regeneration
HPRegen  0.51/turn              (no ring)
MPRegen  0.12/turn              (no ring)

@: very slightly contaminated
A: hooves 1, spiny 2
a: no special abilities


You were on level 5 of the Dungeon.
You visited 1 branch of the dungeon, and saw 5 of its levels.

You collected 155 gold pieces.

Inventory:

Armour
 a - a +1 robe (worn)
 j - a +1 helmet (worn)
Jewellery
 n - an amulet of regeneration (around neck)
Scrolls
 c - 2 scrolls of enchant armour
 d - 2 scrolls of amnesia
 e - 6 scrolls of identify
 f - 2 scrolls of remove curse
 i - a scroll of fear {unknown}
 k - a scroll of magic mapping {unknown}
Potions
 b - 2 potions of lignification {unknown}
 g - 2 potions of heal wounds
 h - 2 potions of degeneration {unknown}
 l - a potion of attraction {unknown}
 m - a potion of curing {unknown}


   Skills:
 - Level 1.7 Dodging
 - Level 1.7 Stealth
 + Level 4.1 Spellcasting
 + Level 5.2 Ice Magic


You had one spell level left.
You knew the following spells:

 Your Spells              Type           Power        Failure   Level
a - Freeze                Ice            84%          1%          1
b - Frozen Ramparts       Ice            42%          5%          3
c - Ozocubu's Armour      Ice            21%          5%          3
d - Hailstorm             Conj/Ice       12%          47%         4

Your spell library contained the following spells:

 Spells                   Type           Power        Failure   Level
 Summon Ice Beast         Ice/Summ       12%          47%         4


Dungeon Overview and Level Annotations

Branches:
Dungeon (5/15)
 Temple: D:4-7

Altars:
Zin


Innate Abilities, Weirdness & Mutations

You have large cloven feet.
You are mostly covered in sharp spines.


Message History

Casting: Frozen Ramparts (dangerous; 5% risk of failure)
Confirm with . or Enter, or press ? or * to list all spells.
Aiming: Freeze (safe; 1% risk of failure)
Press: ? - help, Shift-Dir - straight line, f - scorpion
Aim: a scorpion You freeze the scorpion!
The scorpion is heavily wounded.
The scorpion is struck by your spines.
The scorpion stings you but does no damage.
The gnoll is struck by your spines. The gnoll hits you with a +0 whip.
* * * LOW HITPOINT WARNING * * *
Casting: Freeze (safe; 1% risk of failure)
Confirm with . or Enter, or press ? or * to list all spells.
Aiming: Freeze (safe; 1% risk of failure)
Press: ? - help, Shift-Dir - straight line, f/p - scorpion
Aim: a scorpion (heavily wounded)
You freeze the scorpion.
The scorpion is almost dead.
The scorpion is struck by your spines. The scorpion stings you.
You die...

#######
#....s#
#....@#
.....)..g#
###......#
#......#
........#
##....!..#
c#.#####.#
.#. .#


You could see a centaur, a scorpion and a gnoll.

Vanquished Creatures
  A bullfrog (D:4)
  An orc priest (D:3)
  A gnoll (D:2)
  4 adders
  A dart slug (D:1)
  3 leopard geckos
  3 orcs (D:3)
  5 giant cockroaches
  7 goblins
  6 hobgoblins
  4 jackals (D:3)
  5 quokkas
  3 ball pythons
  14 bats
  2 frilled lizards (D:1)
  5 kobolds
  8 rats
73 creatures vanquished.

Notes
Turn   | Place    | Note
-------+----------+-------------------------------------------
     0 | D:1      | iamoutofideas the Demonspawn Ice Elementalist began the
                  | quest for the Orb.
     0 | D:1      | Reached XP level 1. HP: 13/13 MP: 3/3
   573 | D:1      | Gained mutation: You have large cloven feet. [demonic
                  | ancestry]
   573 | D:1      | Reached XP level 2. HP: 19/19 MP: 3/5
   739 | D:1      | Reached skill level 4 in Ice Magic
  1459 | D:2      | Gained mutation: You are partially covered in sharp spines.
                  | [demonic ancestry]
  1459 | D:2      | Reached XP level 3. HP: 24/24 MP: 1/6
  1735 | D:2      | Learned a level 3 spell: Frozen Ramparts
  1739 | D:2      | Learned a level 3 spell: Ozocubu's Armour
  1980 | D:2      | Reached XP level 4. HP: 30/30 MP: 6/8
  2226 | D:3      | Found a glowing silver altar of Zin.
  2770 | D:3      | Gained mutation: You are mostly covered in sharp spines.
                  | [demonic ancestry]
  2770 | D:3      | Reached XP level 5. HP: 21/35 MP: 1/10
  2844 | D:3      | Learned a level 4 spell: Hailstorm
  2928 | D:3      | Found a faded altar of an unknown god.
  2984 | D:4      | Noticed an ogre
  2999 | D:4      | Reached skill level 5 in Ice Magic
  2999 | D:5      | Entered Level 5 of the Dungeon
  2999 | D:5      | Noticed a centaur
  3002 | D:5      | Slain by a scorpion

Illustrated notes

Levels and vault maps discovered:
D:1:      heliophobic_arrival_glass_houses, layout_loops_cross,
          minmay_misc_feat_chi, ebering_dispersal_statue_hall,
          serial_bayou_pond_a, minivault_23, minivault_5, minmay_crystal_room,
          minmay_quantized
D:2:      minmay_evil_eye, layout_basic, minmay_cupped
D:3:      layout_loops_ring, zin_statuary, chequers_ecumenical_altar_grove
D:4:      layout_cave_pools, fedhas_altar_fruit_tree
D:5:      layout_basic, gammafunk_ghost_split, uniq_eustachio, uniq_pikel

Skill      XL: |  1  2  3  4  5 |
---------------+----------------+-----
Ice Magic      | 4 5 |  5.2
Spellcasting   | 3 4 |  4.1
Dodging        | |  1.7
Stealth        | |  1.7

Action                   |  1- 3 |  4- 6 || total
-------------------------+-------+-------++-------
Melee: Unarmed           |    44 |    22 ||    66
       Kick              |     4 |     5 ||     9
 Cast: Freeze            |    51 |    27 ||    78
       Frozen Ramparts   |       |     1 ||     1
  Use: Scroll            |     4 |     3 ||     7
 Stab: Sleeping          |     1 |     4 ||     5
Armor: Robe              |    29 |    11 ||    40
Dodge: Dodged            |    59 |    38 ||    97
